[Event "Titled Tuesday Blitz January 03 Early 2023"]
[White "Sadykov, Ramil"]
[Black "Kobalia, Mikhail"]
[WhiteFideId "24113590"]
[BlackFideId "4119150"]
[WhiteElo "2345"]
[BlackElo "2578"]
[Result "1/2-1/2"]
[Round "08"]
[TimeControl "180+2"]
[Date "2023.01.03"]
[WhiteClock "0:00:13"]
[BlackClock "0:00:20"]

1. e4 c5 2. Nf3 e6 3. d4 cxd4 4. Nxd4 Nc6 5. Nc3 a6 6. Nxc6 bxc6 7. Qf3 d5 8. Qg3 Nf6 9. Bd3 a5 10. e5 Nd7 11. O-O a4 12. f4 g6 13. Ne2 Nc5 14. Kh1 Ba6 15. Bxa6 Rxa6 16. Be3 Ne4 17. Qf3 Qa5 18. Rad1 Bc5 19. Nd4 O-O 20. g4 Bxd4 21. Rxd4 c5 22. Rdd1 Qc7 23. c4 Qb7 24. f5 d4 25. Bh6 Rb8 26. fxg6 hxg6 27. Rde1 a3 28. Rxe4 axb2 29. Rb1 Ra3 30. Qg2 Rxa2 31. Ree1 Ra4 32. Qxb7 Rxb7 33. Re2 Ra1 34. Ree1 Ra4 35. Re2 Ra1 36. Ree1 Ra4 1/2-1/2


[Site "https://www.chess.com"]

[Event "Titled Tuesday Blitz January 03 Early 2023"]
[White "Florescu, Codrut-Constantin"]
[Black "Nigmatov, Ortik"]
[WhiteFideId "1202200"]
[BlackFideId "14202131"]
[WhiteElo "2259"]
[BlackElo "2438"]
[Result "0-1"]
[Round "08"]
[TimeControl "180+2"]
[Date "2023.01.03"]
[WhiteClock "0:00:09"]
[BlackClock "0:01:04"]

1. e4 c6 2. d4 d5 3. Nc3 dxe4 4. Nxe4 Nf6 5. Nxf6+ gxf6 6. c3 h5 7. h4 Bg4 8. Qb3 Qc7 9. Bc4 e6 10. Ne2 Nd7 11. Bf4 Qb6 12. Bg3 Qxb3 13. axb3 a5 14. O-O b5 15. Bd3 Nb6 16. Rfe1 Kd7 17. Bf4 Rg8 18. Ng3 Nd5 19. Bd2 f5 20. Bg5 f6 21. Bd2 f4 22. Ne4 Be7 23. Kh2 Rg7 24. Rg1 Bf5 25. c4 bxc4 26. bxc4 Nb4 27. Bxb4 Bxb4 28. Nxf6+ Ke7 29. Nxh5 Rh7 30. Bxf5 exf5 31. Nxf4 Rxh4+ 32. Kg3 Rg4+ 33. Kf3 Rd8 34. Rad1 Kf7 35. g3 Bd6 36. Ne2 Rb8 37. Rd2 Rb3+ 38. Kg2 f4 39. f3 Rg8 40. g4 Re8 41. Nc3 Bb4 42. Rc1 a4 43. Rdc2 Re3 44. d5 a3 45. bxa3 Bxc3 46. dxc6 Ba5 47. Rf1 Rxa3 48. c5 Rac3 49. Rxc3 Rxc3 50. Kh3 Rxc5 51. Rd1 Rc3 52. Rf1 Kg6 53. Rf2 Rxc6 54. Ra2 Bc7 55. Kg2 Rb6 56. Rc2 Be5 57. Re2 Rb2 0-1


[Site "https://www.chess.com"]

[Event "Titled Tuesday Blitz January 03 Early 2023"]
[White "Yaran, Siar"]
[Black "Kilic, Eray"]
[WhiteFideId "6323006"]
[BlackFideId "44517173"]
[WhiteElo "2288"]
[BlackElo "2414"]
[Result "0-1"]
[Round "08"]
[TimeControl "180+2"]
[Date "2023.01.03"]
[WhiteClock "0:00:05"]
[BlackClock "0:00:17"]

1. e4 c5 2. Nf3 d6 3. d4 cxd4 4. Nxd4 Nf6 5. Nc3 a6 6. Bg5 e6 7. f4 Be7 8. Qf3 Nbd7 9. O-O-O Qc7 10. g4 h6 11. Bxf6 Bxf6 12. h4 Nb6 13. g5 Bxd4 14. Rxd4 Qc5 15. Rd2 Bd7 16. Be2 O-O-O 17. Rhd1 Bc6 18. Qh5 g6 19. Qg4 hxg5 20. fxg5 Qe5 21. Rf1 Rh7 22. Qf4 Kc7 23. Qxe5 dxe5 24. Rxd8 Kxd8 25. Rh1 Nd7 26. Kd2 Ke7 27. h5 gxh5 28. Rxh5 Rg7 29. Ke3 Nf8 30. Bd3 Kd6 31. b4 Nh7 32. g6 fxg6 33. Rh6 Nf6 34. Be2 Nd7 35. a4 Nb6 36. a5 Nd7 37. Nd1 g5 38. Nf2 Ke7 39. c4 Nf6 40. b5 Bd7 41. Rh8 g4 42. c5 g3 43. Nh3 g2 44. Ng1 axb5 45. Rb8 Rg3+ 46. Kf2 Nxe4+ 47. Ke1 Nxc5 0-1


[Site "https://www.chess.com"]

[Event "Titled Tuesday Blitz January 03 Early 2023"]
[White "MKlose11"]
[Black "Rustemov, Alexander"]
[BlackFideId "4119002"]
[WhiteElo "2554"]
[BlackElo "2525"]
[Result "0-1"]
[Round "08"]
[TimeControl "180+2"]
[Date "2023.01.03"]
[WhiteClock "0:00:10"]
[BlackClock "0:00:16"]

1. e4 e6 2. d4 d5 3. Nd2 dxe4 4. Nxe4 Bd7 5. Bd3 Bc6 6. Nf3 Nd7 7. Qe2 Ngf6 8. O-O Nxe4 9. Bxe4 Bxe4 10. Qxe4 c6 11. c3 Be7 12. Qe2 O-O 13. Re1 Re8 14. Bf4 Qa5 15. a4 Rad8 16. b4 Qf5 17. Bd2 h6 18. Qe4 Qxe4 19. Rxe4 Nf6 20. Re2 a6 21. Kf1 Bd6 22. h3 b5 23. axb5 axb5 24. Ra6 Rc8 25. Be1 Nd5 26. Rea2 f6 27. Ra7 Re7 28. Rxe7 Bxe7 29. Ra6 Kf7 30. g3 Ke8 31. Ke2 Kd7 32. Kd3 Nc7 33. Ra7 Ra8 34. Rxa8 Nxa8 35. h4 h5 36. Bd2 Nb6 37. Be3 Nd5 38. Nd2 g6 39. Ne4 Bd6 40. f4 Be7 41. Bf2 Nb6 42. Nd2 Kd6 43. Nf1 Nc4 44. Ne3 Nxe3 45. Bxe3 Kd5 46. Bf2 Bd6 47. Be3 Bc7 48. Bd2 Bd8 49. Be3 Be7 50. Bd2 Bf8 51. Be3 Bh6 52. Bd2 Bg7 53. Be3 e5 54. dxe5 fxe5 55. fxe5 Bxe5 56. Bf2 Bc7 57. Be1 Bb6 58. Bd2 Ke5 59. Ke2 Ke4 60. Bf4 Bd8 61. Bd6 Bf6 62. Kd2 Kf3 63. Kd3 Bd8 64. c4 Bb6 65. c5 Bd8 66. Be5 g5 67. hxg5 Bxg5 68. Kd4 Bd2 69. Bd6 Bxb4 70. Ke5 Be1 71. Ke6 b4 72. Kd7 Bc3 73. Bf4 h4 74. gxh4 Kxf4 75. h5 b3 76. Kxc6 b2 77. Kd7 b1=Q 78. c6 Qf5+ 0-1


[Site "https://www.chess.com"]

[Event "Titled Tuesday Blitz January 03 Early 2023"]
[White "Fiorito, Francisco"]
[Black "Santos Ruiz, Miguel"]
[WhiteFideId "180165"]
[BlackFideId "22291482"]
[WhiteElo "2305"]
[BlackElo "2590"]
[Result "0-1"]
[Round "08"]
[TimeControl "180+2"]
[Date "2023.01.03"]
[WhiteClock "0:00:17"]
[BlackClock "0:00:58"]

1. Nf3 d5 2. g3 c5 3. Bg2 Nf6 4. O-O h6 5. c4 d4 6. b4 cxb4 7. a3 bxa3 8. Bxa3 Nc6 9. d3 e5 10. Bxf8 Kxf8 11. Nbd2 g6 12. Qa4 Kg7 13. Rfb1 Rb8 14. Qa3 Qc7 15. Ne1 h5 16. Bxc6 bxc6 17. Qxa7 Rxb1 18. Nxb1 Qd6 19. h4 e4 20. dxe4 Nxe4 21. Nf3 c5 22. Kg2 Re8 23. Ra2 Bg4 24. Nbd2 Nxd2 25. Rxd2 Qc6 26. Qa2 Rxe2 27. Rxe2 Qxf3+ 28. Kf1 Qh1# 0-1


[Site "https://www.chess.com"]

[Event "Titled Tuesday Blitz January 03 Early 2023"]
[White "Krivonosov, Oleg"]
[Black "Saravana, Krishnan P."]
[WhiteFideId "11600349"]
[BlackFideId "5018382"]
[WhiteElo "2359"]
[BlackElo "2284"]
[Result "0-1"]
[Round "08"]
[TimeControl "180+2"]
[Date "2023.01.03"]
[WhiteClock "0:00:01"]
[BlackClock "0:00:15"]

1. Nf3 Nf6 2. c4 Nc6 3. d4 e6 4. g3 Bb4+ 5. Bd2 Qe7 6. Bg2 a5 7. O-O Bxd2 8. Nbxd2 d6 9. Qc2 O-O 10. e4 e5 11. d5 Nb4 12. Qc3 Bg4 13. a3 Na6 14. b4 Rfc8 15. h3 Bh5 16. Nh4 Bg6 17. Nxg6 hxg6 18. h4 c6 19. dxc6 bxc6 20. Nb3 a4 21. Nd2 Nc7 22. Bh3 Ne6 23. Qd3 Rd8 24. Bxe6 Qxe6 25. Rfe1 d5 26. exd5 cxd5 27. c5 e4 28. Qe2 Re8 29. f3 e3 30. Nf1 d4 31. Rad1 Rad8 32. Nh2 Nh5 33. Kg2 Qe5 34. Nf1 f5 35. Qc4+ Kh7 36. Re2 f4 37. g4 Nf6 38. Nd2 g5 39. h5 g6 40. hxg6+ Kxg6 41. c6 Rh8 42. c7 Rc8 43. Rc1 Qe7 44. Qxd4 Qh7 45. Qd3+ Kg7 46. Qxh7+ Rxh7 47. Nf1 Kg6 48. Rec2 Rd7 49. b5 Nd5 50. Rc5 Rcxc7 0-1


[Site "https://www.chess.com"]

[Event "Titled Tuesday Blitz January 03 Early 2023"]
[White "Zohid6"]
[Black "Iskusnyh, Sergei"]
[BlackFideId "4120027"]
[WhiteElo "2748"]
[BlackElo "2440"]
[Result "0-1"]
[Round "08"]
[TimeControl "180+2"]
[Date "2023.01.03"]
[WhiteClock "0:01:57"]
[BlackClock "0:00:52"]

1. d4 Nf6 2. Nc3 d5 3. Bf4 c5 4. e4 Nxe4 5. Nxe4 dxe4 6. dxc5 Qa5+ 7. c3 Qxc5 8. Qa4+ Bd7 9. Qxe4 Bc6 10. Qc2 e6 11. Be3 Qa5 12. Nf3 Be7 13. Nd4 O-O 14. Bd3 g6 15. h4 e5 16. Nxc6 Nxc6 17. h5 Nd4 18. Qd1 Nf5 19. hxg6 fxg6 20. Bc4+ Kh8 21. Qg4 Nxe3 22. Qxg6 Nxg2+ 23. Kf1 Nh4 24. Qh5 Rf5 25. Qg4 Raf8 26. Rh2 Rf4 27. Qe6 Qc5 0-1


[Site "https://www.chess.com"]

[Event "Titled Tuesday Blitz January 03 Early 2023"]
[White "Tanenbaum, Zachary"]
[Black "Hnydiuk, Aleksander"]
[WhiteFideId "2060850"]
[BlackFideId "1109057"]
[WhiteElo "2261"]
[BlackElo "2363"]
[Result "0-1"]
[Round "08"]
[TimeControl "180+2"]
[Date "2023.01.03"]
[WhiteClock "0:00:09"]
[BlackClock "0:00:16"]

1. e4 e5 2. Nf3 Nc6 3. Bc4 Nf6 4. d3 h6 5. Nbd2 g6 6. a4 Bg7 7. c3 O-O 8. O-O d5 9. exd5 Nxd5 10. Re1 Kh7 11. Ne4 f5 12. Neg5+ hxg5 13. Nxg5+ Kh8 14. Qf3 Nf6 15. Qh3+ Nh5 16. d4 Qf6 17. dxe5 Nxe5 18. Bb3 f4 19. Qh4 Bh6 20. Rxe5 Qxe5 21. Nf3 Qf6 22. Qxf6+ Nxf6 23. Bd2 Bf5 24. c4 Rad8 25. Bc3 Bg7 26. Re1 Ne4 27. Bxg7+ Kxg7 28. h3 Rfe8 29. Rc1 Nc5 30. Bc2 Bxc2 31. Rxc2 Rd1+ 32. Kh2 Nxa4 33. b4 Nb6 34. c5 Nd5 35. Ra2 a6 36. c6 Nxb4 37. Rb2 Nxc6 38. Rxb7 Re7 39. Rb3 a5 40. Rc3 Ne5 41. Ng5 a4 42. h4 Rd3 43. Rc1 Ng4+ 44. Kg1 Red7 0-1


[Site "https://www.chess.com"]

[Event "Titled Tuesday Blitz January 03 Early 2023"]
[White "Melian, Juan Sebastian"]
[Black "Mekhitarian, Krikor Sevag"]
[WhiteFideId "3706575"]
[BlackFideId "2107660"]
[WhiteElo "2293"]
[BlackElo "2537"]
[Result "0-1"]
[Round "08"]
[TimeControl "180+2"]
[Date "2023.01.03"]
[WhiteClock "0:00:02"]
[BlackClock "0:00:17"]

1. d4 Nf6 2. c4 g6 3. Nc3 d5 4. e3 Bg7 5. Qb3 e6 6. Qa3 Nc6 7. Nf3 a5 8. cxd5 exd5 9. Bb5 Bd7 10. O-O Nb4 11. Bxd7+ Qxd7 12. Ne5 Qe6 13. Nb5 Qe7 14. Qa4 c6 15. Nc3 O-O 16. a3 Na6 17. Qxa5 Ne8 18. Nf3 Nd6 19. Qa4 b5 20. Qb3 Nc4 21. Bd2 Rfb8 22. Na2 c5 23. dxc5 Bxb2 24. Rad1 Nxc5 25. Qc2 Qe4 26. Qxe4 dxe4 27. Nd4 Bxa3 28. Nb4 Bxb4 29. Bxb4 Nd3 30. Be7 b4 31. Rb1 Nd2 32. Nc6 Rb7 0-1


[Site "https://www.chess.com"]

[Event "Titled Tuesday Blitz January 03 Early 2023"]
[White "Starozhilov, Leonid"]
[Black "Omelja, Artem"]
[WhiteFideId "14106752"]
[BlackFideId "14119846"]
[WhiteElo "2313"]
[BlackElo "2446"]
[Result "1-0"]
[Round "08"]
[TimeControl "180+2"]
[Date "2023.01.03"]
[WhiteClock "0:00:45"]
[BlackClock "0:00:02"]

1. e4 c5 2. Nf3 Nc6 3. Bb5 g6 4. O-O Bg7 5. Nc3 e5 6. a3 Nge7 7. b4 b6 8. bxc5 bxc5 9. d3 O-O 10. Bc4 Nd4 11. Bg5 h6 12. Bxe7 Qxe7 13. Nd5 Qd6 14. c3 Nxf3+ 15. Qxf3 Bb7 16. Rab1 Bc6 17. Ne3 Kh7 18. Bd5 f5 19. Bxc6 Qxc6 20. exf5 Qxf3 21. fxg6+ Kxg6 22. gxf3 Rxf3 23. Rb7 Rf7 24. Nd5 d6 25. Rxf7 Kxf7 26. Rb1 Bf6 27. Rb7+ Kg6 28. Rd7 Rd8 29. Nxf6 Rb8 30. Ne4 Rb3 31. Rxd6+ Kh5 32. Rd5 Rxa3 33. Rxe5+ Kh4 34. Kg2 c4 35. dxc4 Ra4 36. c5 1-0


[Site "https://www.chess.com"]

[Event "Titled Tuesday Blitz January 03 Early 2023"]
[White "Goryachkina, Aleksandra"]
[Black "Aggelis, Nikolaos"]
[WhiteFideId "4147103"]
[BlackFideId "4213220"]
[WhiteElo "2571"]
[BlackElo "2270"]
[Result "1-0"]
[Round "08"]
[TimeControl "180+2"]
[Date "2023.01.03"]
[WhiteClock "0:00:14"]
[BlackClock "0:00:35"]

1. e4 c6 2. d4 d5 3. e5 f6 4. Nf3 Nd7 5. Bd3 fxe5 6. dxe5 Nc5 7. O-O Bg4 8. h3 Bh5 9. Nbd2 Nxd3 10. cxd3 e6 11. Qa4 Ne7 12. Ng5 Qd7 13. f4 h6 14. Ngf3 Bg6 15. d4 Bd3 16. Rf2 Bb5 17. Qc2 c5 18. dxc5 Rc8 19. a4 Ba6 20. b4 Nf5 21. Ba3 b6 22. b5 Bxc5 23. Bxc5 Rxc5 24. Qd3 Bb7 25. Nb3 Rc4 26. Nfd2 Rc8 27. g4 Nh4 28. Nd4 O-O 29. f5 exf5 30. gxf5 Qe7 31. Qg3 g5 32. Raf1 Qb4 33. Qg4 Rc7 34. f6 Bc8 35. e6 Qd6 36. f7+ Kh8 37. Rf6 Kg7 38. N2f3 Rc3 39. Nf5+ Nxf5 40. Qxf5 Qg3+ 41. Kh1 Rxf3 42. Qg6+ Kh8 43. Qxh6# 1-0


[Site "https://www.chess.com"]

[Event "Titled Tuesday Blitz January 03 Early 2023"]
[White "Sielecki, Christof"]
[Black "Rakhmatullaev, Almas"]
[WhiteFideId "4620437"]
[BlackFideId "14205793"]
[WhiteElo "2419"]
[BlackElo "2275"]
[Result "1-0"]
[Round "08"]
[TimeControl "180+2"]
[Date "2023.01.03"]
[WhiteClock "0:00:22"]
[BlackClock "0:00:09"]

1. e4 e5 2. Nf3 Nf6 3. Nxe5 Nxe4 4. Qe2 Qe7 5. Qxe4 d6 6. d4 dxe5 7. dxe5 Nc6 8. Nc3 Qxe5 9. Qxe5+ Nxe5 10. Nb5 Bb4+ 11. Bd2 Bxd2+ 12. Kxd2 Kd8 13. Re1 f6 14. f4 Ng6 15. g3 a6 16. Nd4 c5 17. Ne6+ Bxe6 18. Rxe6 Nf8 19. Re3 Ng6 20. Bd3 Ne7 21. Be4 Kc7 22. Rhe1 Rad8+ 23. Kc3 b5 24. a3 Rd7 25. b4 Kb6 26. Bf3 cxb4+ 27. axb4 Rc8+ 28. Kb2 Nf5 29. Re6+ Nd6 30. Bg4 Rc6 31. Kb3 Rdc7 32. R1e3 a5 33. bxa5+ Kxa5 34. Bf3 Ra6 35. Rd3 Nc4 36. Rxa6+ Kxa6 37. Bd5 Kb6 38. Be4 Kc5 39. Rd5+ Kb6 40. Bxh7 Na5+ 41. Kb2 Nc4+ 42. Kb3 Ne3 43. Rd6+ Ka5 44. Rd2 Nc4 45. Re2 b4 46. Bd3 Na3 47. h4 Rc3+ 48. Kb2 Nc4+ 49. Bxc4 Rxc4 50. Re7 g6 51. Rg7 Rc3 52. Rxg6 Rf3 53. h5 Rf2 54. h6 Rh2 55. Rxf6 Ka4 56. Ra6+ Kb5 57. Rg6 Kc4 58. f5 b3 59. Rg4+ Kd5 60. Kxb3 Ke5 61. Rf4 Rxh6 62. f6 Rh8 63. f7 Rf8 64. c4 1-0


[Site "https://www.chess.com"]

[Event "Titled Tuesday Blitz January 03 Early 2023"]
[White "Parpiev, Isaak"]
[Black "Aradhya, Garg"]
[WhiteFideId "34281576"]
[BlackFideId "25006746"]
[WhiteElo "2167"]
[BlackElo "2284"]
[Result "0-1"]
[Round "08"]
[TimeControl "180+2"]
[Date "2023.01.03"]
[WhiteClock "0:00:01"]
[BlackClock "0:01:03"]

1. Nf3 Nf6 2. d4 d5 3. c4 c6 4. Nc3 dxc4 5. a4 Bf5 6. Ne5 e6 7. Nxc4 c5 8. Qb3 Nc6 9. Qxb7 Nxd4 10. Ne3 Be7 11. f3 O-O 12. Kf2 c4 13. Nxf5 exf5 14. Be3 Nc2 15. Rd1 Qb8 16. Qxe7 Re8 17. Qd6 Nxe3 18. Rd4 Qxb2 19. Nd1 Qc1 20. g3 c3 21. Bh3 Nxd1+ 0-1


[Site "https://www.chess.com"]

[Event "Titled Tuesday Blitz January 03 Early 2023"]
[White "Cella, Glaucio Dalla Cortt"]
[Black "Ordekalog"]
[WhiteFideId "2119455"]
[WhiteElo "1894"]
[BlackElo "2701"]
[Result "0-1"]
[Round "08"]
[TimeControl "180+2"]
[Date "2023.01.03"]
[WhiteClock "0:02:00"]
[BlackClock "0:02:14"]

1. e4 d5 2. exd5 Qxd5 3. Nc3 Qa5 4. d4 Nf6 5. Bd2 c6 6. Nf3 Bg4 7. Bc4 e6 8. Nd5 Qd8 9. Ne3 Bh5 10. c3 Nbd7 11. a4 a5 12. h3 Bd6 13. O-O Ne4 14. Bd3 Nxd2 15. Qxd2 Bxf3 16. gxf3 Qg5+ 17. Kh1 Qf4 0-1


[Site "https://www.chess.com"]

[Event "Titled Tuesday Blitz January 03 Early 2023"]
[White "Andreev, Eduard"]
[Black "Matinian, Nikita"]
[WhiteFideId "14103400"]
[BlackFideId "24129100"]
[WhiteElo "2413"]
[BlackElo "2407"]
[Result "0-1"]
[Round "08"]
[TimeControl "180+2"]
[Date "2023.01.03"]
[WhiteClock "0:00:13"]
[BlackClock "0:00:36"]

1. Nf3 Nf6 2. g3 b6 3. Bg2 Bb7 4. O-O g6 5. b3 Bg7 6. Bb2 O-O 7. d4 c5 8. c4 cxd4 9. Nxd4 Bxg2 10. Kxg2 Qc8 11. e3 Nc6 12. Nxc6 Qxc6+ 13. Qf3 Qxf3+ 14. Kxf3 Rfc8 15. Nc3 a6 16. Rfd1 d6 17. Rac1 Nd7 18. Rc2 Bxc3 19. Rxc3 f6 20. Ke2 Kf7 21. Rcc1 g5 22. Bd4 b5 23. Kd3 g4 24. h3 h5 25. hxg4 hxg4 26. Rh1 e5 27. Bb2 Ke6 28. e4 bxc4+ 29. Rxc4 Rxc4 30. Kxc4 Rc8+ 31. Kd3 d5 32. exd5+ Kxd5 33. Rh7 Nc5+ 34. Ke3 Ke6 35. Ba3 Kf5 36. Bxc5 Rxc5 37. Ra7 a5 38. Ra6 Kg5 39. Kd3 f5 40. Ra7 e4+ 41. Kd2 Rd5+ 42. Ke2 Kf6 43. a3 Rb5 44. Kd2 Rxb3 45. Rxa5 Rf3 46. Ke2 e3 47. fxe3 Rxg3 48. Ra8 Rg2+ 49. Kf1 Ra2 50. a4 Kg5 51. a5 Kh4 52. Rf8 Rxa5 53. e4 fxe4 54. Ke2 Kg3 55. Ke3 Ra4 56. Rf1 Kg2 57. Rf4 g3 58. Rg4 Kh2 59. Rh4+ Kg1 60. Kf4 e3+ 61. Kxg3 Rxh4 62. Kxh4 e2 0-1


[Site "https://www.chess.com"]

[Event "Titled Tuesday Blitz January 03 Early 2023"]
[White "Reprintsev, Alexander"]
[Black "Skvortsov, Andrei"]
[WhiteFideId "14100541"]
[BlackFideId "24108600"]
[WhiteElo "2253"]
[BlackElo "2313"]
[Result "0-1"]
[Round "08"]
[TimeControl "180+2"]
[Date "2023.01.03"]
[WhiteClock "0:00:05"]
[BlackClock "0:00:05"]

1. e4 d5 2. exd5 Qxd5 3. Nc3 Qe5+ 4. Be2 Bg4 5. d4 Bxe2 6. Ngxe2 Qa5 7. b4 Qh5 8. O-O Nf6 9. d5 c6 10. Nf4 Qxd1 11. Rxd1 e5 12. dxe6 Bxb4 13. Nce2 Na6 14. Rb1 Rb8 15. Nd3 Bd6 16. Bf4 Bxf4 17. Nexf4 fxe6 18. Nxe6 Kf7 19. Ng5+ Kg6 20. f4 Rhd8 21. Ne5+ Kf5 22. g3 h6 23. Ngf7 Rxd1+ 24. Rxd1 Nc5 25. Nd6+ Ke6 26. Ng6 Nd5 27. Nc4 Kf6 28. Nge5 Rd8 29. Ng4+ Ke7 30. Nce5 Nc7 31. Re1 Kf8 32. Ng6+ Kf7 33. f5 Re8 34. N6e5+ Kf8 35. c4 a5 36. Rd1 h5 37. Ng6+ Kf7 38. N4e5+ Kf6 39. Nd7+ Nxd7 40. Rxd7 Na6 41. Rxb7 Re1+ 42. Kf2 Ra1 43. Kf3 Kxf5 44. Nh4+ Kf6 45. Rb6 Nb4 46. Ke4 g5 47. Nf3 Rxa2 48. Nd4 Rxh2 49. Nxc6 Nxc6 50. Rxc6+ Ke7 51. Kf5 h4 52. gxh4 gxh4 53. Ke5 Re2+ 54. Kd5 h3 55. Rh6 h2 56. Kc5 Rb2 57. Kd4 a4 58. Kc3 a3 59. c5 Rg2 60. Rh7+ Kd8 61. c6 a2 62. Rd7+ Kc8 63. Ra7 h1=Q 0-1


[Site "https://www.chess.com"]

[Event "Titled Tuesday Blitz January 03 Early 2023"]
[White "Bettalli, Francesco"]
[Black "Abdilkhair, Abilmansur"]
[WhiteFideId "2816453"]
[BlackFideId "13716417"]
[WhiteElo "2252"]
[BlackElo "2268"]
[Result "0-1"]
[Round "08"]
[TimeControl "180+2"]
[Date "2023.01.03"]
[WhiteClock "0:01:24"]
[BlackClock "0:00:11"]

1. d4 Nf6 2. Nc3 d5 3. Bg5 Nbd7 4. Qd3 e6 5. O-O-O Be7 6. f3 c5 7. e4 c4 8. Qd2 b5 9. e5 b4 10. exf6 bxc3 11. Qxc3 Nxf6 12. Ne2 O-O 13. Ng3 Rb8 14. a3 Bd7 15. h4 Rb7 16. h5 h6 17. Bf4 Ne8 18. Kd2 Nd6 19. Qe3 Rxb2 20. Be5 Qa5+ 21. Qc3 Qb6 22. Be2 Ba4 23. Rc1 f6 24. Bf4 Ra2 25. Rb1 Qa6 26. Rhc1 Nb5 27. Qe3 Bxa3 28. Rh1 Qa5+ 0-1


[Site "https://www.chess.com"]

[Event "Titled Tuesday Blitz January 03 Early 2023"]
[White "Maksimovic, Bojan"]
[Black "Zhuravlev, Alexey"]
[WhiteFideId "14408120"]
[BlackFideId "4164199"]
[WhiteElo "2486"]
[BlackElo "2359"]
[Result "1-0"]
[Round "08"]
[TimeControl "180+2"]
[Date "2023.01.03"]
[WhiteClock "0:02:29"]
[BlackClock "0:00:39"]

1. g3 g6 2. Bg2 Bg7 3. c4 e5 4. Nc3 Nc6 5. Nf3 d6 6. O-O f5 7. d3 Nf6 8. Bg5 h6 9. Bxf6 Qxf6 10. Nd2 O-O 11. Rb1 a5 12. a3 g5 13. b4 axb4 14. axb4 f4 15. b5 Nd8 16. Nd5 Qf7 17. Ne4 Ne6 18. b6 c6 19. Nxd6 Qd7 20. Nxc8 cxd5 21. Na7 dxc4 22. dxc4 Nd4 23. Bd5+ Kh8 24. e3 Nf5 25. Be4 Qe7 26. Qc2 Nd6 27. Bd5 e4 28. c5 Nc8 29. Nxc8 Raxc8 30. Qxe4 Qxc5 31. Bxb7 Rce8 32. Qd5 Qxd5 33. Bxd5 fxe3 34. fxe3 Rxf1+ 35. Kxf1 Be5 36. b7 Bb8 37. e4 Kg7 38. Rc1 Kf6 39. Rc8 Ke7 40. Ke2 Rd8 41. Kd3 Be5 42. Kc4 Kd7 43. Kb5 Rxc8 44. Be6+ Kc7 45. bxc8=Q+ 1-0


[Site "https://www.chess.com"]

[Event "Titled Tuesday Blitz January 03 Early 2023"]
[White "Khamdamova, Afruza"]
[Black "Csonka, Balazs"]
[WhiteFideId "14210444"]
[BlackFideId "742910"]
[WhiteElo "2162"]
[BlackElo "2496"]
[Result "0-1"]
[Round "08"]
[TimeControl "180+2"]
[Date "2023.01.03"]
[WhiteClock "0:00:10"]
[BlackClock "0:00:04"]

1. e4 e6 2. d4 d5 3. Nd2 Be7 4. Ngf3 Nf6 5. Bd3 c5 6. e5 Nfd7 7. c3 Nc6 8. O-O g5 9. Kh1 g4 10. Ng1 h5 11. Bb5 cxd4 12. Bxc6 bxc6 13. cxd4 c5 14. f4 cxd4 15. Nb3 Ba6 16. Rf2 d3 17. Be3 Rc8 18. Bd4 Bc4 19. f5 Bh4 20. Rf1 Qe7 21. fxe6 fxe6 22. Nd2 Rf8 23. b3 Ba6 24. Rxf8+ Kxf8 25. h3 Bg5 26. Nf1 Qh7 27. Qe1 Ke8 28. Rd1 d2 29. Nxd2 Rc2 30. a4 Rxd2 31. Rxd2 Bxd2 32. Qxd2 Qe4 33. Bxa7 Bf1 34. Qf2 Bd3 35. Bd4 Nxe5 36. Bxe5 Qxe5 37. a5 Be4 38. b4 d4 39. a6 d3 40. a7 Qd5 41. Kh2 d2 42. a8=Q+ Qxa8 43. Qxd2 Qb8+ 44. g3 Qe5 45. Qf4 Qb2+ 0-1


[Site "https://www.chess.com"]

[Event "Titled Tuesday Blitz January 03 Early 2023"]
[White "Averjanov, Alexey"]
[Black "Gheorghiu, Calin"]
[WhiteFideId "14109867"]
[BlackFideId "1200305"]
[WhiteElo "2399"]
[BlackElo "2313"]
[Result "1-0"]
[Round "08"]
[TimeControl "180+2"]
[Date "2023.01.03"]
[WhiteClock "0:00:42"]
[BlackClock "0:00:03"]

1. d4 Nf6 2. c4 e6 3. Nf3 c5 4. g3 cxd4 5. Nxd4 Nc6 6. Bg2 Bb4+ 7. Bd2 Bc5 8. Nb3 Be7 9. O-O O-O 10. Nc3 d6 11. Rc1 a6 12. Bf4 Nh5 13. Be3 Bd7 14. Na4 Be8 15. Nb6 Rb8 16. a4 Ne5 17. a5 Bc6 18. Nd4 Bxg2 19. Kxg2 Nf6 20. Qa4 Ne4 21. Rfd1 Nc5 22. Qa2 Ned7 23. Nxd7 Qxd7 24. b4 Ne4 25. f3 Nf6 26. Rc2 Rbc8 27. Rdc1 d5 28. Bf2 Bxb4 29. cxd5 Nxd5 30. e4 Nf6 31. Ne2 Rxc2 32. Rxc2 Rc8 33. Rb2 Bc5 34. Qb3 Bxf2 35. Kxf2 Rc7 36. Kg2 h5 37. h4 Qc6 38. Nf4 e5 39. Nd5 Nxd5 40. exd5 Qd6 41. Rd2 g6 42. Kh2 Kg7 43. Kg2 f6 44. Kh2 Rd7 45. Qc4 Rc7 46. Qb3 Rd7 47. Kg2 Qc5 48. Qa4 Qb5 49. Qa2 Rd6 50. Kh2 Qc5 51. Qb3 Qe3 52. Qxe3 1-0


[Site "https://www.chess.com"]

[Event "Titled Tuesday Blitz January 03 Early 2023"]
[White "Suleymanli, Suleyman"]
[Black "reevecanada"]
[WhiteFideId "13416375"]
[WhiteElo "2269"]
[BlackElo "2477"]
[Result "1-0"]
[Round "08"]
[TimeControl "180+2"]
[Date "2023.01.03"]
[WhiteClock "0:00:24"]
[BlackClock "0:00:25"]

1. Nf3 d5 2. g3 Nf6 3. Bg2 e6 4. O-O c5 5. d4 Nc6 6. c4 Be7 7. Nc3 dxc4 8. Qa4 O-O 9. dxc5 Bxc5 10. Qxc4 Bb6 11. Bf4 Bd7 12. Ne5 Rc8 13. Nxd7 Qxd7 14. Rfd1 Nd4 15. Qd3 Qe7 16. e3 Nf5 17. e4 Rfd8 18. Qf1 Nd4 19. e5 Ne8 20. Ne4 h6 21. Nd6 Rc2 22. Kh1 Rxb2 23. Nxb7 Rb8 24. Nd6 Nf5 25. Nxf5 exf5 26. Rd2 Rxd2 27. Bxd2 Rd8 28. Bc3 Bd4 29. Bxd4 Rxd4 30. Qb5 Nc7 31. Qb8+ Kh7 32. Re1 Ne6 33. Kg1 Qd7 34. Qb1 g6 35. h4 Rd2 36. h5 Qd4 37. hxg6+ fxg6 38. Qb7+ Kg8 39. Rf1 Qxe5 40. Qxa7 f4 41. Bh3 Ng5 42. Qa8+ Kg7 43. Bg2 Qd4 44. Qb7+ Nf7 45. g4 Kf6 46. Bf3 Ne5 47. Kg2 Nd3 48. Qc6+ Kg5 49. Qb5+ Kh4 50. Rh1# 1-0


[Site "https://www.chess.com"]

[Event "Titled Tuesday Blitz January 03 Early 2023"]
[White "Diaz Villagran, Robert"]
[Black "Goncalves, Davi Sulzbacher"]
[WhiteFideId "3404056"]
[BlackFideId "2154510"]
[WhiteElo "2315"]
[BlackElo "2282"]
[Result "0-1"]
[Round "08"]
[TimeControl "180+2"]
[Date "2023.01.03"]
[WhiteClock "0:00:07"]
[BlackClock "0:00:02"]

1. e4 c5 2. c3 Nf6 3. e5 Nd5 4. d4 cxd4 5. Nf3 d6 6. Bc4 e6 7. cxd4 Nc6 8. O-O Be7 9. Qe2 O-O 10. Rd1 Nb6 11. Bb3 a5 12. Nc3 a4 13. Bc2 d5 14. a3 Bd7 15. Qd3 g6 16. h4 Bxh4 17. g3 Be7 18. Bh6 Re8 19. Kg2 Nc4 20. Rab1 f5 21. Rh1 b5 22. Rh2 b4 23. Ne2 b3 24. Bd1 Ra7 25. Nf4 Bc8 26. Be2 Qd7 27. Qd1 Ba6 28. Qh1 Nxd4 29. Nxd4 Nxe5 30. Bxa6 Rxa6 31. Qe1 Ng4 32. Rh1 e5 33. Qe2 Bc5 34. Qxa6 Bxd4 35. Nxg6 f4 36. Nf8 Qf5 37. Qb7 f3+ 38. Kh3 Qh5# 0-1


[Site "https://www.chess.com"]

[Event "Titled Tuesday Blitz January 03 Early 2023"]
[White "Khumalo, Keith"]
[Black "Sadovsky, Artem"]
[WhiteFideId "14319470"]
[BlackFideId "4155840"]
[WhiteElo "2099"]
[BlackElo "2276"]
[Result "1-0"]
[Round "08"]
[TimeControl "180+2"]
[Date "2023.01.03"]
[WhiteClock "0:01:14"]
[BlackClock "0:00:27"]

1. d4 g6 2. c4 Bg7 3. e4 d6 4. d5 e5 5. Bd3 f5 6. exf5 gxf5 7. Qh5+ Kf8 8. Bxf5 Nf6 9. Qh3 Bxf5 10. Qxf5 Kf7 11. Qe6+ Kf8 12. Nf3 Na6 13. Ng5 Qe8 14. Qf5 Qg6 15. Ne6+ Ke7 16. Qxg6 hxg6 17. Nxg7 b5 18. Ne6 bxc4 19. Ng5 Nb4 20. Na3 Nbxd5 21. Nxc4 Rab8 22. b3 Rh5 23. h4 Rbh8 24. g3 e4 25. O-O Kd7 26. Bb2 R8h6 27. Rad1 Kc6 28. Rc1 Kd7 29. Rfe1 Nh7 30. Nf7 Rxh4 31. gxh4 Rxh4 32. Rcd1 Nf4 33. Rxe4 Nh3+ 34. Kg2 Rxe4 35. Kxh3 Ke7 36. Nh8 g5 37. Rd3 Rh4+ 38. Kg3 Nf8 39. Re3+ Kd7 40. Rf3 Ne6 41. Ng6 Rh1 42. Kg2 Rb1 43. Rf7+ Kc6 44. Ne7+ Kc5 45. Rf5+ Kb4 46. Nc6# 1-0


[Site "https://www.chess.com"]